 Dungeon Crawl Stone Soup version 0.26.1-11-gd32895ea62 (webtiles) character file.

Game seed: 5683448838588316997

1038 Almogavar the Slasher (level 8, -1/70 HPs)
             Began as a Minotaur Berserker on Apr 19, 2021.
             Was a Priest of Trog.
             Slain by an ogre
             ... wielding a +0 giant spiked club
              (26 damage)
             ... on level 6 of the Dungeon.
             The game lasted 00:09:51 (5119 turns).

Almogavar the Slasher (Minotaur Berserker)          Turns: 5119, Time: 00:09:51

Health: -1/70      AC: 10    Str: 24      XL:     8   Next: 4%
Magic:  7/7        EV:  9    Int:  4      God:    Trog [***...]
Gold:   133        SH:  0    Dex:  9 (10) Spells: 7/7 levels left

rFire    x . .     SeeInvis .   a - +0 falchion
rCold    + . .     Faith    .   (no shield)
rNeg     . . .     Spirit   .   e - +0 chain mail
rPois    .         Reflect  .   (helmet restricted)
rElec    .         Harm     .   (no cloak)
rCorr    .         Rampage  .   (no gloves)
Will     .....                  (no boots)
Stlth    ..........             (no amulet)
HPRegen  0.21/turn              t - ring of ice
MPRegen  0.10/turn              (no ring)

@: no status effects
A: retaliatory headbutt, horns 2
a: Renounce Religion, Berserk, Trog's Hand


You were on level 6 of the Dungeon.
You worshipped Trog.
Trog was most pleased with you.
You visited 1 branch of the dungeon, and saw 6 of its levels.

You collected 163 gold pieces.
You spent 30 gold pieces at shops.

Inventory:

Hand Weapons
 a - a +0 falchion (weapon)
 k - a +0 hunting sling
Missiles
 d - 138 stones
 o - 14 sling bullets
Armour
 e - a +0 chain mail (worn)
 n - a cursed +0 ring mail
Jewellery
 t - a ring of ice (left hand)
Wands
 q - a wand of acid (13)
 r - a wand of flame (19)
Scrolls
 c - a scroll of enchant weapon
 h - 4 scrolls of remove curse
 l - 2 scrolls of teleportation
 p - a scroll of magic mapping
 v - a scroll of blinking
 w - a scroll of identify
Potions
 b - 2 potions of invisibility
 f - 2 potions of heal wounds {unknown}
 g - a potion of berserk rage
 i - 2 potions of brilliance {unknown}
 j - 4 potions of lignification
 m - 2 potions of might {unknown}
 s - 2 potions of curing
 u - 2 potions of resistance {unknown}
 x - a potion of cancellation {unknown}


   Skills:
 + Level 6.2 Fighting
 + Level 7.6 Long Blades
 + Level 2.5 Slings
 + Level 6.2 Armour
 + Level 3.6 Dodging


You had 7 spell levels left.
You didn't know any spells.
Your spell library was empty.

Dungeon Overview and Level Annotations

Branches:
Dungeon (6/15)             Temple (0/1) D:4

Altars:
Dithmenos
Fedhas
Qazlal
Ru
Sif Muna
Vehumet

Shops:
D:4 *


Innate Abilities, Weirdness & Mutations

You reflexively headbutt those who attack you in melee.
You have a pair of horns on your head.


Message History

You kill the ogre!
Trog accepts your kill.
You have reached level 8!
You feel stronger.
You hear the slow hiss of an avalanche of sand nearby.
You hit the ogre.
The ogre is lightly wounded.
The ogre hits you with a +0 giant spiked club!
You closely miss the ogre. You headbutt the ogre!
The ogre is heavily wounded.
The ogre hits you but does no damage.
Your chain mail prevents you from hitting the ogre.
The ogre is heavily wounded.
You slash the ogre!
The ogre is severely wounded.
The ogre hits you with a +0 giant spiked club!!
You hit the ogre. You headbutt the ogre.
The ogre is almost dead.
The ogre hits you with a +0 giant spiked club!!
You die...

*,,,*,*,,,,,**
*,,.###.....(#
*******,,..........#
,,,,>,,,,..........#
*********#.......(.#
*********#.........*
,,,,,,,,,........[##
≈********#....".O..# ≈≈*
#......@..######## ≈≈**
#.:.<......#..)..## ,,,**
#!...............?#* ,≈,,*
#...)..............* ≈≈*,*
**#........(.........* ≈**,*
**,..#................*
***,*
*,,#*##............$..*
*,***,***#................*
**,*,,,**,.................*


You could see an ogre.

Vanquished Creatures
  Grinder (D:5)
  3 ogres
  Blork the orc (D:5)
  A bullfrog (D:6)
  A howler monkey (D:4)
  A quasit (D:6)
  2 hounds
  An orc priest (D:4)
  3 orc wizards (D:4)
  A centaur skeleton (D:4)
  An iguana (D:5)
  2 worker ants (D:4)
  3 adders
  A shadow imp (D:5)
  2 oozes
  2 worms
  4 dart slugs
  3 leopard geckos
  7 orcs (D:4)
  4 giant cockroaches
  4 goblins
  5 hobgoblins
  7 jackals
  4 quokkas
  A ball python (D:2)
  5 bats
  6 frilled lizards
  A jackal zombie (D:5)
  4 kobolds (D:2)
  A quokka skeleton (D:5)
  4 rats
86 creatures vanquished.

Vanquished Creatures (others)
  A bullfrog (D:6)
  2 fungi (D:5)
3 creatures vanquished.

Grand Total: 89 creatures vanquished

Notes
Turn   | Place    | Note
-------+----------+-------------------------------------------
     0 | D:1      | Almogavar the Minotaur Berserker began the quest for the
                  | Orb.
     0 | D:1      | Reached XP level 1. HP: 19/19 MP: 0/0
   247 | D:1      | Reached skill level 4 in Long Blades
   318 | D:1      | Reached XP level 2. HP: 27/27 MP: 1/1
  1082 | D:2      | Reached XP level 3. HP: 28/34 MP: 2/2
  1286 | D:2      | Reached ** piety under Trog
  2094 | D:3      | Reached XP level 4. HP: 41/41 MP: 3/3
  2175 | D:3      | Found a sacrificial altar of Ru.
  2508 | D:4      | Found a stormy altar of Qazlal.
  2574 | D:4      | Reached skill level 5 in Long Blades
  2576 | D:4      | Reached skill level 5 in Fighting
  2576 | D:4      | Reached XP level 5. HP: 37/48 MP: 4/4
  3013 | D:4      | Reached XP level 6. HP: 56/56 MP: 5/5
  3287 | D:4      | Found Axyn's General Store.
  3290 | D:4      | Bought a potion of curing for 30 gold pieces
  3306 | D:4      | Found a staircase to the Ecumenical Temple.
  3324 | D:4      | Reached skill level 6 in Long Blades
  3325 | D:4      | Reached *** piety under Trog
  3489 | D:4      | Found a radiant altar of Vehumet.
  3982 | D:5      | Entered Level 5 of the Dungeon
  4125 | D:5      | Reached skill level 5 in Armour
  4125 | D:5      | Reached XP level 7. HP: 15/62 MP: 6/6
  4148 | D:5      | Noticed Grinder
  4372 | D:5      | Killed Grinder
  4373 | D:5      | Reached skill level 7 in Long Blades
  4434 | D:5      | Found a blossoming altar of Fedhas.
  4508 | D:5      | Found a shadowy altar of Dithmenos.
  4589 | D:5      | Found a stormy altar of Qazlal.
  4722 | D:5      | Noticed Blork the orc
  4772 | D:5      | Killed Blork the orc
  4773 | D:5      | Reached skill level 1 in Slings
  4899 | D:5      | Found a shimmering blue altar of Sif Muna.
  5113 | D:6      | Reached XP level 8. HP: 62/70 MP: 7/7
  5119 | D:6      | Slain by an ogre

Illustrated notes

Levels and vault maps discovered:
D:1:      dpeg_arrival_more_subterranean_lakeside_camping, layout_basic,
          minivault_14
D:2:      layout_loops_ring
D:3:      layout_loops_corners, lemuel_round_altar
D:4:      layout_basic, kennysheep_mini, temple_doors_e, serial_shops,
          kennysheep_mini_moat, minmay_misc_feat_tower,
          hangedman_decor_riveting, grunt_qazlal_clouds
D:5:      layout_basic, grunt_temple_overflow_forces_of_nature, tgw_sif,
          grunt_dithmenos_smoke_and_mirrors, uniq_grinder
D:6:      wad_lake_hut, layout_rooms, xom_confusion_cloud,
          kennysheep_little_box, nicolae_ossuary_entry_plus, grunt_ministairs_3,
          uniq_pikel

Skill      XL: |  1  2  3  4  5  6  7 |
---------------+----------------------+-----
Long Blades    | 4 5 6 7 |  7.6
Fighting       | 4 5 6 |  6.2
Armour         | 3 4 5 6 |  6.2
Dodging        | 3 |  3.6
Slings         | 2 |  2.5

Action                   |  1- 3 |  4- 6 |  7- 9 || total
-------------------------+-------+-------+-------++-------
Melee: Falchion          |    92 |   110 |    48 ||   250
       Headbutt          |    16 |    29 |    15 ||    60
 Fire: Hunting sling     |       |       |    26 ||    26
Invok: Berserk           |       |     2 |     1 ||     3
  Use: Scroll            |     9 |       |     2 ||    11
Armor: Chain mail        |    48 |    42 |    40 ||   130
Dodge: Dodged            |    33 |    50 |    26 ||   109
       Rpst.: Falchion   |     9 |    16 |     7 ||    32
